 Dungeon Crawl Stone Soup version 0.18.1-6-gd335043 (webtiles) character file.

326 Implojin the Insei (level 6, -3/51 HPs)
             Began as a Mummy Monk on May 20, 2016.
             Slain by Eustachio
             ... wielding a +0 rapier
              (8 damage)
             ... on level 4 of the Dungeon.
             The game lasted 00:14:42 (7916 turns).

Implojin the Insei (Mummy Monk)                     Turns: 7916, Time: 00:14:43

Health: -3/51      AC:  0    Str: 14      XL:     6   Next: 24%
Magic:  6/6        EV: 11    Int:  9      God:
Gold:   238        SH:  3    Dex: 12 (17) Spells: 0 memorised, 5 levels left

rFire  x . .     SeeInvis .       - Unarmed
rCold  + . .     Gourm    .     (no armour)
rNeg   + + +     Faith    .     f - +0 buckler
rPois  ∞         Spirit   .     (no helmet)
rElec  .         Dismiss  .     (no cloak)
rCorr  .         Reflect  .     (no gloves)
SustAt .         Harm     .     (no boots)
MR     .....                    (no amulet)
Stlth  ++........               (no ring)
                                (no ring)

@: not resistant to hostile enchantments, unstealthy
A: no food or potions, fire vulnerability, cold resistance 1, negative energy
resistance 3, torment resistance, unbreathing
a: no special abilities


You were on level 4 of the Dungeon.
You were not hungry.

You visited 1 branch of the dungeon, and saw 5 of its levels.

You collected 238 gold pieces.

Inventory:

Armour
 f - a +0 buckler (worn)
Wands
 b - a wand of disintegration (7/24)
Scrolls
 a - 2 scrolls of noise
 c - 2 scrolls of remove curse
 e - a scroll of amnesia
 g - 2 scrolls of recharging
 h - a scroll of enchant weapon
 i - 2 scrolls of teleportation
 j - a scroll of enchant armour {unknown}
 k - 2 scrolls of immolation
Comestibles
 d - a bread ration


   Skills:
 - Level 5.0 Fighting
 - Level 2.4 Dodging
 - Level 1.5 Stealth
 * Level 5.3 Unarmed Combat


You had 5 spell levels left.
You didn't know any spells.

Dungeon Overview and Level Annotations

Branches:
Dungeon (5/15)
 Temple: D:4-7

Altars:
Cheibriados
Okawaru

Annotations:
D:4 Eustachio


Innate Abilities, Weirdness & Mutations

You do not eat or drink.
Your flesh is vulnerable to fire.
You are immune to poison.
Your flesh is cold resistant.
You are immune to negative energy.
You are immune to unholy pain and torment.
You can survive without breathing.


Message History

* * * LOW HITPOINT WARNING * * *
Eustachio closely misses you.
You hit Eustachio.
Eustachio is almost dead.
The quasit bites you.
* * * LOW HITPOINT WARNING * * *
You feel clumsy. You block the quasit's attack. The quasit claws you.
* * * LOW HITPOINT WARNING * * *
Eustachio hits you with a rapier.
* * * LOW HITPOINT WARNING * * *
The quasit bites you.
* * * LOW HITPOINT WARNING * * *
The quasit claws you.
* * * LOW HITPOINT WARNING * * *
You feel clumsy. The quasit barely misses you. The quasit bites you.
* * * LOW HITPOINT WARNING * * *
The quasit claws you.
* * * LOW HITPOINT WARNING * * *
You feel clumsy. The quasit claws you.
* * * LOW HITPOINT WARNING * * *
You block Eustachio's attack.
You climb upwards.
There is a stone staircase leading down here.
Unknown command.
You hit Eustachio but do no damage.
Eustachio is almost dead.
Eustachio closely misses you.
You hit Eustachio but do no damage.
Eustachio is almost dead.
You hit Eustachio.
Eustachio is almost dead.
Eustachio hits you with a rapier.
* * * LOW HITPOINT WARNING * * *
You miss Eustachio.
Eustachio is almost dead.
Eustachio hits you with a rapier!
You die...

#......#####.......##.#.#
########..# #..########.#.#
#.........# #..# #.#.#
#.######### #..# #.#.# #.# #..#
#.#.# #######.#
#####..########.#.# g.......#
#...............#..
##.##.#########.###..#####..#####
#.##...........@@...## #..#
#.############.##....####..# ##.#
#..........<.....# .#.#
#.##.###.#)####..# .#.# #.##.#
#.#)# #..## †#.# #.##.# #.#.#
#...# >#.# #.##.###.#.####.#.####
.#.# #.##............<....#
.#.### #.######.#............


You could see Eustachio.

Vanquished Creatures
  A hound (D:4)
  Terence (D:2)
  An iguana (D:4)
  A hound skeleton (D:4)
  5 gnolls
  5 adders
  4 oozes
  A worm (D:3)
  6 dart slugs
  4 giant geckos
  9 orcs
  8 bats
  2 giant cockroaches
  16 goblins
  5 hobgoblins
  2 jackals (D:1)
  2 quokkas
  A ball python (D:1)
  A giant gecko skeleton (D:4)
  4 giant newts
  11 kobolds
  A quokka zombie (D:5)
  10 rats
101 creatures vanquished.

Notes
Turn   | Place    | Note
--------------------------------------------------------------
     0 | D:1      | Implojin the Mummy Monk began the quest for the Orb.
     0 | D:1      | Reached XP level 1. HP: 18/18 MP: 1/1
   257 | D:1      | Reached XP level 2. HP: 20/24 MP: 2/2
   785 | D:1      | Reached skill level 4 in Unarmed Combat
  1065 | D:1      | Reached XP level 3. HP: 17/29 MP: 3/3
  1952 | D:2      | Found a faded altar to an unknown god.
  2663 | D:2      | Reached XP level 4. HP: 35/35 MP: 4/4
  3001 | D:2      | Noticed Terence
  3013 | D:2      | Killed Terence
  3404 | D:3      | Reached skill level 5 in Unarmed Combat
  4277 | D:3      | Reached XP level 5. HP: 30/41 MP: 5/5
  5616 | D:4      | Reached skill level 4 in Fighting
  6087 | D:4      | Found an iron altar of Okawaru.
  6191 | D:4      | Found a snail-covered altar of Cheibriados.
  7337 | D:4      | Reached skill level 5 in Fighting
  7337 | D:4      | Reached XP level 6. HP: 23/51 MP: 6/6
  7655 | D:5      | Entered Level 5 of the Dungeon
  7729 | D:5      | Noticed Eustachio
  7916 | D:4      | Slain by Eustachio

Skill      XL: |  1  2  3  4  5 |
---------------+----------------+-----
Unarmed Combat | 4 5 |  5.3
Fighting       | 5 |  5.0
Dodging        | |  2.4
Stealth        | |  1.5

Action                   |  1- 3 |  4- 6 || total
-------------------------+-------+-------++-------
Melee: Unarmed           |   154 |   280 ||   434
       Punch             |     2 |       ||     2
  Use: Scroll            |       |     7 ||     7
 Stab: Sleeping          |     5 |     2 ||     7
Dodge: Dodged            |    89 |   133 ||   222
Block: Buckler           |     5 |    38 ||    43

Table legend:
 A = Turns spent in this place as a percentage of turns spent in the entire game.
 B = Non-inter-level travel turns spent in this place as a percentage of non-inter-level travel turns spent in the entire game.
 C = Inter-level travel turns spent in this place as a percentage of turns spent in this place.
 D = Turns resting spent in this place as a percentage of non-inter-level travel turns spent in this place.
 E = Turns spent auto-exploring this place as a percentage of non-inter-level travel turns spent in this place.
 F = Non-inter-level travel turns spent in this place divided by the number of levels of this place that you've seen.
                   A       B       C       D       E      F
               +-------+-------+-------+-------+-------+----------------------
         Total | 100.0 | 100.0 |   0.3 |   7.1 |   5.8 | 344.0
       Dungeon | 100.0 | 100.0 |   0.3 |   7.1 |   5.8 | 344.0
               +-------+-------+-------+-------+-------+----------------------

Table legend:
 A = Kills in this place as a percentage of kills in entire the game.
 B = Kills by you in this place as a percentage of kills by you in the entire game.
 C = Kills by friends in this place as a percentage of kills by friends in the entire game.
 D = Other kills in this place as a percentage of other kills in the entire game.
 E = Experience gained in this place as a percentage of experience gained in the entire game.
 F = Experience gained in this place divided by the number of levels of this place that you have seen.
                   A       B       C       D       E      F
               +-------+-------+-------+-------+-------+----------------------
         Total | 100.0 | 100.0 |  -nan |  -nan | 100.0 |  93.2
       Dungeon | 100.0 | 100.0 |  -nan |  -nan | 100.0 |  93.2
               +-------+-------+-------+-------+-------+----------------------
